Map: Thunderbird LE

Players

GOStephano (Stephano)

  • Race: Zerg Zerg
  • League: Grandmaster
  • Spawn Location: 11:00

OGZest (Zest) - Winner!

  • Race: Protoss Protoss
  • Spawn Location: 5:00

Event: HomeStory Cup XIX

VOD

Have the link to the VOD?

Description

Time

  • Played on: June 28, 2019, 1:12 p.m.
  • Length: 10:46

All games in this series

Show
View Real Time Build Order
Export as new Build Order

GOStephano Zerg 

Build Orders: Hatch First, Roach Nydus 

Get SALT Encoding   

  12  0:00  Drone  
  13  0:12  Overlord  
  13  0:17  Drone  
  14  0:30  Drone  
  15  0:39  Drone  
  16  0:48  Hatchery  
  15  0:51  Drone  
  15  0:55  Drone  
  17  0:58  Drone  
  18  1:09  Extractor  
  17  1:14  Spawning Pool  
  17  1:16  Drone  
  17  1:20  Drone  
  18  1:28  Drone  
  19  1:38  Drone  
  20  1:49  Drone  
  21  2:01  Queen x2  
  21  2:02  Zergling x2, Overlord  
  26  2:11  Drone  
  26  2:12  Drone  
  28  2:24  Hatchery  
  28  2:26  Drone x2  
  29  2:33  Drone x2  
  31  2:37  Queen  
  31  2:43  Overlord  
  33  2:47  Overlord  
  33  2:54  Drone x2  
  35  2:59  Lair  
  35  3:05  Drone x2  
  36  3:10  Drone x2  
  36  3:11  Drone  
  36  3:12  Drone  
  40  3:13  Extractor  
  40  3:19  Roach Warren  
  38  3:21  Drone  
  38  3:22  Drone  
  38  3:25  Drone  
  41  3:28  Extractor  
  41  3:29  Drone  
  41  3:33  Overlord  
  41  3:38  Drone x2  
  43  3:42  Queen  
  43  3:45  Drone  
  43  3:46  Drone  
  47  3:52  Overlord  
  47  3:58  Overseer  
  47  3:59  Roach x2  
  47  4:00  Roach  
  47  4:02  Roach  
  55  4:04  Roach  
  55  4:09  Overlord  
  57  4:10  Drone  
  57  4:13  Roach  
  60  4:18  Roach x2  
  64  4:26  Drone x2  
  64  4:30  Drone x5  
  70  4:36  Drone  
  70  4:37  Glial Reconstitution  
  71  4:42  Drone x3  
  74  4:48  Overlord  
  74  4:53  Overlord  
  74  5:00  Overlord  
  74  5:02  Extractor  
  73  5:13  Roach x3  
  76  5:18  Drone x4  
  76  5:19  Drone x2  
  76  5:20  Drone  
  82  5:25  Overlord  
  82  5:28  Nydus Network  
  82  5:31  Overseer  
  81  5:36  Queen  
  81  5:37  Roach  
  81  5:38  Roach x5  
  97  5:43  Roach  
  97  5:44  Overlord  
  97  5:48  Roach x2  
  101  5:53  Roach x2  
  101  5:56  Overlord x2  
  105  6:00  Overlord  
  105  6:03  Overlord  
  105  6:09  Overlord  
  105  6:10  Roach x3  
  111  6:14  Roach  
  111  6:15  Overlord  
  107  6:21  Nydus Canal  
  107  6:23  Roach x3  
  109  6:27  Roach  
  109  6:28  Roach x2  
  109  6:31  Roach  
  117  6:34  Ravager  
  117  6:35  Ravager x4  
  117  6:36  Roach  
  124  6:43  Roach  
  124  6:44  Roach x3  
  132  6:49  Roach x2  
  128  6:57  Overlord  
  128  6:58  Drone x6  
  128  7:00  Drone, Extractor  
  134  7:02  Extractor  
  134  7:04  Nydus Canal  
  129  7:12  Drone x7  
  132  7:22  Spire  
  127  7:23  Queen  
  121  7:31  Roach x4  
  121  7:33  Ravager  
  121  7:34  Ravager  
  119  7:38  Roach x3  
  119  7:43  Roach x2  
  125  7:45  Roach x2  
  125  7:49  Roach  
  125  7:50  Roach  
  131  7:53  Roach  
  131  7:56  Roach  
  131  7:57  Roach x3  
  141  8:03  Roach  
  141  8:04  Roach, Overlord  
  145  8:07  Overlord  
  145  8:08  Nydus Canal  
  145  8:16  Overlord  
  145  8:24  Hatchery  
  132  8:37  Overlord  
  117  8:42  Mutalisk x6  
  127  8:51  Mutalisk  
  129  8:58  Extractor  
  129  9:00  Metabolic Boost  
  129  9:01  Extractor  
  127  9:03  Baneling Nest  
  127  9:05  Drone x4, Evolution Chamber  
  127  9:08  Roach x4  
  127  9:09  Roach  
  139  9:13  Roach x3  
  139  9:15  Roach  
  147  9:19  Ravager x2  
  147  9:20  Roach  
  147  9:21  Overlord x3  
  141  9:33  Overlord  
  138  9:39  Roach x8  
  142  10:06  Zergling x22  
  151  10:19  Nydus Canal  
  151  10:22  Zergling x8  
Show
View Real Time Build Order
Export as new Build Order

OGZest Protoss - Winner!

Build Orders: 1 Gate Expand, Archon Immortal, Archon Drop, Dark Templar Rush 

Get SALT Encoding   

  12  0:00  Probe  
  13  0:12  Probe  
  14  0:17  Pylon  
  14  0:24  Probe  
  14  0:28  Assimilator  
  15  0:32  Probe  
  15  0:40  Probe  
  16  0:47  Gateway  
  17  0:51  Probe  
  18  1:03  Probe  
  19  1:15  Probe  
  20  1:22  Nexus  
  20  1:34  Cybernetics Core  
  20  1:35  Probe  
  21  1:40  Assimilator  
  21  1:47  Probe  
  21  1:50  Pylon  
  22  2:00  Stalker, Probe  
  23  2:11  Warp Gate  
  23  2:12  Probe  
  26  2:18  Twilight Council  
  26  2:24  Probe  
  27  2:33  Robotics Facility  
  27  2:34  Probe  
  27  2:35  Probe  
  28  2:42  Probe  
  28  2:43  Probe  
  29  2:50  Probe  
  31  2:51  Probe  
  33  2:59  Dark Shrine  
  33  3:05  Probe x2  
  35  3:14  Gateway, Warp Prism  
  35  3:16  Gateway  
  37  3:27  Probe  
  37  3:28  Probe  
  37  3:33  Pylon  
  39  3:39  Assimilator, Probe x2  
  41  3:42  Assimilator  
  41  3:47  Probe, Pylon  
  41  3:51  Probe  
  43  3:56  Probe  
  44  4:03  Probe  
  44  4:07  Probe  
  46  4:12  Dark Templar x3  
  46  4:16  Observer, Pylon  
  53  4:18  Probe  
  53  4:19  Probe  
  55  4:34  Nexus  
  55  4:37  Probe x2  
  57  4:44  Immortal  
  57  4:47  Dark Templar  
  57  4:48  Adept x2  
  57  4:49  Archon  
  57  4:51  Archon  
  67  5:01  Pylon  
  67  5:13  Immortal  
  65  5:19  Sentry x3  
  69  5:26  Pylon  
  73  5:31  Gateway  
  73  5:32  Gateway  
  73  5:34  Gateway  
  73  5:38  Charge  
  73  5:47  Immortal  
  73  5:51  Stalker  
  79  5:59  Probe x3  
  79  6:02  Pylon  
  82  6:09  Pylon  
  82  6:11  Probe x3  
  84  6:18  Zealot x3  
  89  6:23  Immortal  
  85  6:29  Probe x2  
  85  6:30  Probe  
  85  6:32  Sentry x2  
  94  6:33  Sentry  
  94  6:34  Pylon  
  98  6:40  Forge  
  98  6:43  Sentry x2  
  98  6:45  Pylon  
  102  6:47  Pylon  
  102  6:59  Zealot x4  
  109  7:07  Blink  
  109  7:09  Immortal  
  109  7:13  Protoss Ground Weapons Level 1  
  109  7:20  Gateway  
  109  7:22  Gateway  
  111  7:44  Immortal  
  111  7:50  Zealot x6  
  121  7:54  Probe, Gateway  
  121  7:55  Probe x2  
  121  7:56  Gateway  
  121  7:57  Pylon  
  128  7:59  Pylon  
  128  8:14  Assimilator  
  128  8:18  Assimilator  
  128  8:21  Observer  
  101  8:42  Photon Cannon  
  101  8:45  Pylon  
  101  8:46  Photon Cannon, Stalker x3  
  101  8:47  Stalker x5  
  117  8:53  Stalker x2  
  121  8:58  Photon Cannon  
  121  9:02  Observer  
  122  9:12  Stalker x8  
  122  9:16  Sentry x2  
  138  9:35  Stalker x5  
  147  9:44  Stalker x3  
  142  10:06  Stalker  
  142  10:07  Stalker x5  
  148  10:12  Probe x3  
  157  10:22  Dark Templar x2  
  159  10:30  Stalker x3  
  155  10:41  Dark Templar x2  
  155  10:42  Zealot x2  
Tags
 
Add a new tag
Caveats
  • Supply blocks, unpowered buildings, or Contaminate may cause inaccurate times.
  • Supply counts are checked every 10 seconds.